 Dungeon Crawl Stone Soup version 0.30.0-29-ga12c61a403 (webtiles) character file.

Game seed: 6114780269066570347

26 BONEBRO the Caller (level 3, 0/24 HPs)
             Began as a Merfolk Summoner on June 25, 2023.
             Slain by a jackal (3 damage)
             ... on level 1 of the Dungeon.
             The game lasted 00:01:43 (350 turns).

BONEBRO the Caller (Merfolk Summoner)                Turns: 350, Time: 00:01:43

Health: 0/24       AC:  2    Str: 10    XL:     3   Next: 8%
Magic:  3/6        EV: 12    Int: 14    God:
Gold:   59         SH:  0    Dex: 14    Spells: 5/6 levels left

rFire   . . .        d - +1 dagger (freeze)
rCold   . . .        (no shield)
rNeg    . . .        a - +0 robe
rPois   .            (no helmet)
rElec   .            (no cloak)
rCorr   .            (no gloves)
SInv    .            (no boots)
Will    .....        (no amulet)
Stlth   ++           (no ring)
HPRegen 0.24/turn    (no ring)
MPRegen 0.10/turn

%: no passive effects
@: no status effects
A: (nimble swimmer 2), mertail
a: no special abilities


You were on level 1 of the Dungeon.
You visited 1 branch of the dungeon, and saw 1 of its levels.

You collected 59 gold pieces.

Inventory:

Hand Weapons
 d - a +1 dagger of freezing (weapon)
Armour
 a - a +0 robe (worn)
 f - a +0 leather armour
Scrolls
 c - a scroll of poison {unknown}
 e - a scroll of amnesia {unknown}
Potions
 b - a potion of magic
 g - a potion of curing {unknown}


   Skills:
 - Level 2.7 Dodging
 - Level 2.2 Stealth
 - Level 2.0 Spellcasting
 + Level 4.9 Summonings


You had 5 spell levels left.
You knew the following spells:

 Your Spells              Type           Power      Damage    Failure   Level
a - Summon Small Mammal   Summ           60%        N/A       3%          1

Your spell library contained the following spells:

 Spells                   Type           Power      Damage    Failure   Level
 Call Imp                 Summ           30%        N/A       4%          2
 Call Canine Familiar     Summ           15%        N/A       10%         3
 Summon Guardian Golem    Hex/Summ       8%         N/A       26%         3
 Summon Lightning Spire   Summ/Air       8%         N/A       65%         4


Dungeon Overview and Level Annotations

Branches:
Dungeon (1/15)

Altars:


Innate Abilities, Weirdness & Mutations

((You are very nimble when in or above water. (Stealth+, EV+, Speed+++)))
Your lower body shifts to a powerful aquatic tail in water.


Message History

The jackal dies!
You hit the jackal. You freeze the jackal.
The jackal is severely wounded.
Your rat barely misses the jackal.
You hit the jackal. You freeze the jackal.
The jackal is almost dead.
The jackal bites your rat. x2; The jackal closely misses you.
Your rat misses the jackal. You closely miss the jackal.
The jackal is almost dead.
The jackal barely misses your rat.
Your rat bites the jackal but does no damage.
You hit the jackal but do no damage.
The jackal is almost dead.
The jackal misses you.
Your rat bites the jackal.
The jackal dies!
You barely miss the jackal.
The jackal is almost dead.
The jackal bites you. x2
* * * LOW HITPOINT WARNING * * *
The jackal barely misses you.
Your rat closely misses the jackal.
You hit the jackal but do no damage.
The jackal is almost dead.
The jackal closely misses you. The jackal bites you.
* * * LOW HITPOINT WARNING * * *
The kobold barely misses your rat.
Your rat barely misses the jackal.
The jackal attacks as you move away!
The jackal bites you but does no damage.
You are too injured to fight recklessly!
Casting: Summon Small Mammal (safe; 3% risk of failure)
Confirm with . or Enter, or press ? or * to list all spells.
The jackal closely misses you. The jackal attacks as you move away!
The jackal bites you.
* * * LOW HITPOINT WARNING * * *
The jackal bites your rat.
Your rat bites the jackal but does no damage.
The jackal attacks as you move away!
The jackal bites you but does no damage.
The jackal closely misses your rat. The jackal bites you.
You die...

.##.# ###........ .#..
#.......... ##... ##
.......†... #...# .. #..# #
####.#.#.# #..# # ....... ####
#.)# # #.).# ... #..###
#h.####.# #...†. ##K###h@.#
#######...##
#..†#Kr######.........##
########.#rhh........#####.#..#
#........###.#........## #>##.#
#.##########.#.######..###.##.#
###.### #........# ##.....##.#
#.....# #.......## #####....#
#.....# #.....†.# #.#...
#.....###......## #.##..


You could see 3 jackals, a kobold and 2 friendly rats.

Vanquished Creatures
  2 dart slugs (D:1)
  An endoplasm (D:1)
  A kobold (D:1)
  3 ball pythons (D:1)
  2 bats (D:1)
  A goblin (D:1)
10 creatures vanquished.

Vanquished Creatures (collateral kills)
  A dart slug (D:1)
  A bat (D:1)
  A goblin (D:1)
  2 jackals (D:1)
  A quokka (D:1)
  A frilled lizard (D:1)
  2 kobolds (D:1)
9 creatures vanquished.

Grand Total: 19 creatures vanquished

Notes
Turn   | Place    | Note
-------+----------+-------------------------------------------
     0 | D:1      | BONEBRO the Merfolk Summoner began the quest for the Orb.
     0 | D:1      | Reached XP level 1. HP: 13/13 MP: 3/3
   105 | D:1      | Reached XP level 2. HP: 19/19 MP: 3/5
   333 | D:1      | Reached XP level 3. HP: 15/24 MP: 3/6
   350 | D:1      | Slain by a jackal

Illustrated notes

Levels and vault maps discovered:
D:1:      co_arrival_square_in_a_square_in_a_square, layout_rooms,
          shapermc_ecumenical_altar_mp_highgroup, minmay_indecisive_spiral

Action                     || total
---------------------------++-------
  Melee: Dagger            ||    42
         Punch             ||     1
   Cast: Summon Small Mamm ||    18
   Stab: Distracted        ||     1
 Armour: Robe              ||    10
  Dodge: Dodged            ||    35
